[Event "Live Chess"]
[Site "Chess.com"]
[Date "2024.06.02"]
[Round "-"]
[White "degringolade64"]
[Black "KyryloPoluliakh"]
[Result "1-0"]
[WhiteElo "2075"]
[BlackElo "1530"]
[TimeControl "300"]
[EndTime "8:51:35 PDT"]
[Termination "degringolade64 won by resignation"]

1. e4 c5 2. Nf3 Nc6 3. Bb5 Nd4 4. Nxd4 cxd4 5. O-O a6 6. Bc4 b5 7. Bxf7+ Kxf7 8.
Qh5+ g6 9. Qd5+ Ke8 10. Qxa8 Nf6 11. d3 Bg7 12. Bd2 Kf7 13. a4 Rf8 14. axb5 axb5 15. Qa5 Kg8 16. Qxd8 Rxd8 17. Ra8 d5 18. e5 Ng4 19. f4 g5 20. g3 gxf4 21. gxf4 h5 22. Na3 Nh6 23. Nxb5 Nf5 24. Na7 1-0

[Event "Live Chess"]
[Site "Chess.com"]
[Date "2024.06.02"]
[Round "-"]
[White "gmnorfolk"]
[Black "GEMdzq"]
[Result "1-0"]
[WhiteElo "2140"]
[BlackElo "2268"]
[TimeControl "300"]
[EndTime "8:51:43 PDT"]
[Termination "gmnorfolk won by resignation"]

1. d4 Nf6 2. c4 e5 3. dxe5 Ng4 4.
e3 Nxe5 5. Nc3 Bb4 6. Ne2 O-O 7. a3 Bxc3+ 8. Nxc3 d6 9. f4 Nec6 10. Bd3 Qh4+ 11.
g3 Qh3 12. Qc2 Bg4 13. Qf2 Nd7 14. Bd2 Nc5 15. Bc2 Bf5 16. e4 Rae8 17. Qe3 Nxe4 18.
Nxe4 Bxe4 19. Bxe4 f5 20. Bd5+ Kh8 21. O-O-O Rxe3 22. Bxe3 Qh6 23. h3 Re8 24. Rde1 Qg6 25.
Rhg1 h5 26. g4 Ne7 27. Bf3 Qf7 28. b3 d5 29. gxh5 dxc4 30. Bd4 cxb3 31. Bxg7+ Kh7 32. Bc3 Rg8 33. Rg5 Qc4 34. Rxe7+ Kh6 35. Kb2 Rxg5 36. fxg5+ Kxg5 37. Rg7+ Kf4 38. Bxb7 Qe2+ 39. Kxb3 Qb5+ 40. Kc2 Qxb7 41. h6 Qg2+ 42. Rxg2 Kf3 43. Rg8 1-0

[Event "Live Chess"]
[Site "Chess.com"]
[Date "2024.06.02"]
[Round "-"]
[White "Ferrarifan27"]
[Black "Ginger_GM"]
[Result "0-1"]
[WhiteElo "2157"]
[BlackElo "2667"]
[TimeControl "300"]
[EndTime "8:51:59 PDT"]
[Termination "Ginger_GM won by resignation"]

1. e4 e6 2. d4 b6 3. Nc3 Bb7 4.
Bd3 d6 5. Nf3 Nd7 6. O-O g6 7.
Re1 Bg7 8. Bg5 Ne7 9. Qd2 h6 10. Bf4 g5 11. Be3 a6 12. h3 Ng6 13. e5 Bxf3 14.
Bxg6 fxg6 15. gxf3 dxe5 16. Qd3 Qf6 17. Qe4 O-O 18.
Kg2 exd4 19. Bxd4 Qxd4 20. Qxe6+ Kh7 21. Rad1 Nc5 22. Qe7 Qf4 23. Re3 Rf7 24. Qe6 Nxe6 0-1

[Event "Live Chess"]
[Site "Chess.com"]
[Date "2024.06.02"]
[Round "-"]
[White "Bradfield133"]
[Black "silunn"]
[Result "1-0"]
[WhiteElo "1832"]
[BlackElo "2029"]
[TimeControl "300"]
[EndTime "8:52:05 PDT"]
[Termination "Bradfield133 won by resignation"]

1. c4 e6 2. e4 d5 3. exd5 exd5 4. d4 Nf6 5. Nc3 Be6 6. Qb3 b6 7.
Bg5 dxc4 8. Bxc4 Qxd4 9. Bxe6 Qe5+ 10. Be3 Qxe6 11. Qxe6+ fxe6 12. Nf3 Bb4 13. Rc1 Bxc3+ 14. Rxc3 Nd5 15. Rd3 Nc6 16. a3 O-O 17. Bd2 Rad8 18. O-O e5 19. Ng5 Nd4 20. Be3 Ne2+ 21. Kh1 Nxe3 22. Rxe3 Rxf2 23. Re1 Nf4 24. Rxe5 Nd3 25. Re8+ Rxe8 26. Rxe8+ Rf8 27. Rxf8+ Kxf8 28. Ne6+ Kf7 29. Nxc7 Nxb2 30. Nb5 Nc4 31. Kg1 Ke6 32. a4 a5 33.
Kf2 Nb2 34. Nc3 Nd3+ 35. Ke3 Nc5 36. Kd4 g5 37. Kc4 Kd6 38. Kb5 Kc7 39. Nd5+ Kb7 40.
Nxb6 Nb3 41. Nc4 h5 42. Nxa5+ Nxa5 43. Kxa5 g4 44. Kb5 h4 45. Kc5 g3 46. h3 Ka6 47.
Kd4 Ka5 48. Ke4 Kxa4 49. Kf4 Kb5 50. Kg4 1-0

[Event "Live Chess"]
[Site "Chess.com"]
[Date "2024.06.02"]
[Round "-"]
[White "MagnersCarlsberg2870"]
[Black "TigerTank70"]
[Result "0-1"]
[WhiteElo "1744"]
[BlackElo "2189"]
[TimeControl "300"]
[EndTime "8:52:06 PDT"]
[Termination "TigerTank70 won by resignation"]

1. d4 d5 2. e3 Nf6 3. Bd3 c5 4. c3 c4 5. Bc2 Qb6 6. f4 Bg4 7. Nf3 e6 8. O-O Nc6 9. Nbd2 Be7 10. Qe1 Bxf3 11. Rxf3 O-O-O 12. e4 dxe4 13. Bxe4 Rhe8 14.
b3 cxb3 15. axb3 Nxd4 16. cxd4 Qxd4+ 17. Kh1 Qxa1 18. Nc4 Nxe4 0-1

[Event "Live Chess"]
[Site "Chess.com"]
[Date "2024.06.02"]
[Round "-"]
[White "Rusty_Bridges"]
[Black "JanMur7"]
[Result "0-1"]
[WhiteElo "1482"]
[BlackElo "2263"]
[TimeControl "300"]
[EndTime "8:52:08 PDT"]
[Termination "JanMur7 won on time"]

1. e4 g6 2. d4 Bg7 3. Nf3 c5 4. c3 cxd4 5. cxd4 d5 6. e5 Nc6 7. Bb5 f6 8. Bxc6+ bxc6 9. O-O Bg4 10. Re1 Bxf3 11. Qxf3 fxe5 12. dxe5 e6 13. Bd2 Qd7 14. Bb4 Qf7 15. Qe3 Ne7 16. Qc5 O-O 17. Nd2 Nf5 18.
Nf3 Rfc8 19. Ng5 Qe7 20. Qxe7 Nxe7 21. Bxe7 Re8 22. Bd6 Bh6 23. Nf3 Bf8 24. Bxf8 Rxf8 25. Rac1 Rab8 26. b3 Rfc8 27. Ng5 c5 28. Nxe6 c4 29.
bxc4 dxc4 30. Nd4 c3 31. Ne2 c2 32. Nd4 Rb2 33. a4 a5 34. g3 Ra2 35. Re2 Rxa4 36.
Nxc2 Rac4 37. e6 Kf8 38. e7+ Ke8 39. Kf1 a4 40. Ke1 R8c7 41. Kd1 Rd7+ 42. Rd2 Rdc7 43. Rd4 Rxd4+ 44. Nxd4 Rd7 45. Rc4 a3 46. Kc2 a2 47.
Kb2 Ra7 48. Ka1 Rxe7 49. Rc2 Rd7 50. Nf3 Rd3 51. Ne5 Rd5 52. Nc4 Rd1+ 53. Kxa2 Kf7 54. Kb3 Rd3+ 55. Rc3 Rd5 56. f4 Kg7 57. Rc2 Rb5+ 58.
Kc3 Rc5 59. Kd3 Rd5+ 60. Ke3 Rd1 61. Ne5 Re1+ 62. Kf2 Rh1 63. Kg2 Rd1 64. Rc7+ Kf6 65. Kh3 Rd6 66. Kg4 Ke6 67. Rxh7 g5 0-1

[Event "Live Chess"]
[Site "Chess.com"]
[Date "2024.06.02"]
[Round "-"]
[White "stevochess11"]
[Black "resipsa6"]
[Result "0-1"]
[WhiteElo "1704"]
[BlackElo "2016"]
[TimeControl "300"]
[EndTime "8:52:09 PDT"]
[Termination "resipsa6 won by resignation"]

1. e4 e5 2. a3 a6 3. c4 h6 4. Nc3 Nf6 5. d3 c5 6. f3 Nc6 7. Be3 d6 8. Nge2 Be6 9. g3 Rb8 10. Bg2 Be7 11. O-O O-O 12. f4 exf4 13. gxf4 b5 14.
f5 Bd7 15. cxb5 axb5 16. Qd2 Ne5 17. Nf4 Bc6 18. Ncd5 Bxd5 19. Nxd5 Nxd5 20. exd5 Bg5 21. Kh1 Bxe3 22. Qxe3 Qg5 23. Qxg5 hxg5 24. f6 Rfe8 25. fxg7 Nxd3 26. Rf3 Re1+ 27. Bf1 Rxa1 0-1

[Event "Live Chess"]
[Site "Chess.com"]
[Date "2024.06.02"]
[Round "-"]
[White "HoarseyHorsey"]
[Black "davigator"]
[Result "0-1"]
[WhiteElo "1567"]
[BlackElo "2326"]
[TimeControl "300"]
[EndTime "8:52:12 PDT"]
[Termination "davigator won by resignation"]

1. d4 Nf6 2. c4 e6 3. Nc3 Bb4 4. Qc2 c5 5. dxc5 Nc6 6. a3 Bxc5 7. b4 Be7 8. Nf3 b6 9. e4 Bb7 10. Bd3 Rc8 11. O-O a5 12. Bb2 axb4 13. axb4 Nxb4 14. Qb3 Na6 15. e5 Ng4 16. h3 Nc5 17. Qc2 Bxf3 18. hxg4 Bxg4 19. Ne4 Nxd3 20. Qxd3 Bf5 21. Nd6+ Bxd6 22. Qxd6 Rc6 23. Qd4 O-O 24. Rfd1 Qc8 25. Qxd7 Rxc4 26. Ba3 Re8 27. Rac1 Rxc1 28. Qxc8 Rcxc8 0-1

[Event "Live Chess"]
[Site "Chess.com"]
[Date "2024.06.02"]
[Round "-"]
[White "yarek"]
[Black "Trendle"]
[Result "0-1"]
[WhiteElo "1754"]
[BlackElo "2599"]
[TimeControl "300"]
[EndTime "8:52:18 PDT"]
[Termination "Trendle won by resignation"]

1. e4 e5 2. d4 exd4 3. Qxd4 Nc6 4. Qe3 Nf6 5. Nc3 Bb4 6. Bd2 O-O 7. O-O-O Re8 8. Qg3 Nxe4 9. Nxe4 Rxe4 10. Bd3 Bxd2+ 11.
Kxd2 Re8 12. Nf3 d6 13. Bxh7+ Kxh7 14. Ng5+ Kg8 15. Qh4 Bf5 16. g4 Bg6 17. f4 Nd4 18.
Kc1 Ne2+ 19. Kb1 Nxf4 20. Rhf1 Re5 21. Rxf4 Qxg5 22. Qg3 Rae8 23. h4 Qe7 24. h5 Bh7 25. g5 Rxg5 0-1

[Event "Live Chess"]
[Site "Chess.com"]
[Date "2024.06.02"]
[Round "-"]
[White "E2E4colchester"]
[Black "Inglaterra"]
[Result "0-1"]
[WhiteElo "1006"]
[BlackElo "2051"]
[TimeControl "300"]
[EndTime "8:52:32 PDT"]
[Termination "Inglaterra won by resignation"]

1. d4 d5 2. c4 e6 3. e3 Nf6 4. Nc3 Be7 5. c5 O-O 6. b4 a5 7. a3 axb4 8. Bd2 bxc3 9. Bxc3 Ne4 10. Bb4 Nc6 11. Bd3 f5 12. Nf3 b6 13. Bxe4 fxe4 14. Ne5 Nxe5 15. dxe5 bxc5 16. Bc3 Ba6 0-1

[Event "Live Chess"]
[Site "Chess.com"]
[Date "2024.06.02"]
[Round "-"]
[White "Hazban"]
[Black "f4nomore"]
[Result "1-0"]
[WhiteElo "2058"]
[BlackElo "1294"]
[TimeControl "300"]
[EndTime "8:52:52 PDT"]
[Termination "Hazban won by checkmate"]

1. e4 g6 2. f4 Bg7 3. Nf3 d6 4. d4 Nd7 5. e5 dxe5 6. fxe5 e6 7. Bd3 Ne7 8. O-O O-O 9. Be3 Nd5 10.
Bg5 f6 11. Bd2 fxe5 12. c4 Nf4 13. Bxf4 exf4 14. Nc3 Qf6 15. Re1 Nb6 16. Qe2 Bd7 17. a4 Rae8 18. a5 Nc8 19. Ne5 Qe7 20. Qg4 Nd6 21.
c5 Nf7 22. Nxg6 hxg6 23. Qxg6 Qf6 24. Qh7# 1-0

[Event "Live Chess"]
[Site "Chess.com"]
[Date "2024.06.02"]
[Round "-"]
[White "TC2304"]
[Black "grillage"]
[Result "1-0"]
[WhiteElo "2317"]
[BlackElo "1877"]
[TimeControl "300"]
[EndTime "8:52:54 PDT"]
[Termination "TC2304 won by resignation"]

1. a4 d5 2. a5 a6 3. e3 Nf6 4. d4 c5 5. c4 cxd4 6. exd4 Bf5 7. Nc3 e6 8. Nf3 Bb4 9. Qb3 Qe7 10. Bd2 O-O 11.
Ra4 Nc6 12. c5 Bxa5 13. Be2 Bxc3 14. Bxc3 Ne4 15. O-O Nxc3 16. bxc3 Rab8 17. Ra2 h6 18. Re1 Qc7 19. Rb2 Bg4 20. h3 Bxf3 21. Bxf3 Ne7 22. Reb1 e5 23. Bxd5 exd4 24. cxd4 Qd7 25. Bxb7 Qxd4 26.
Qb6 Nd5 27. Qxa6 Nc3 28. Rc1 Qe5 29. c6 Ne2+ 30. Rxe2 Qxe2 31. Qxe2 1-0

[Event "Live Chess"]
[Site "Chess.com"]
[Date "2024.06.02"]
[Round "-"]
[White "Queensandpawns"]
[Black "McFim"]
[Result "1-0"]
[WhiteElo "2243"]
[BlackElo "1818"]
[TimeControl "300"]
[EndTime "8:53:01 PDT"]
[Termination "Queensandpawns won by resignation"]

1. e4 c6 2. d4 d5 3. Nc3 dxe4 4. Nxe4 Nd7 5. Nf3 Ngf6 6. Neg5 h6 7. Nxf7 Kxf7 8.
Bd3 Nb6 9. O-O g6 10. Ne5+ Kg7 11. Bxg6 Be6 12. Qd3 c5 13. Bh5 1-0

[Event "Live Chess"]
[Site "Chess.com"]
[Date "2024.06.02"]
[Round "-"]
[White "Zhevzh1k7"]
[Black "Cruiseylee78"]
[Result "0-1"]
[WhiteElo "1121"]
[BlackElo "1671"]
[TimeControl "300"]
[EndTime "8:53:06 PDT"]
[Termination "Cruiseylee78 won by resignation"]

1. e4 d6 2. Nf3 Nd7 3. Bc4 h6 4. Nc3 e5 5. d4 c6 6. Be3 Ngf6 7. O-O g5 8. dxe5 dxe5 9. Qe2 Qc7 10. Rad1 Be7 11.
Bb3 Rg8 12. Qc4 Rg7 13. Rd3 Nf8 14. Rfd1 Be6 15. Qb4 Bxb4 0-1

[Event "Live Chess"]
[Site "Chess.com"]
[Date "2024.06.02"]
[Round "-"]
[White "LL220284LL"]
[Black "Vladyslav2008"]
[Result "0-1"]
[WhiteElo "2460"]
[BlackElo "2271"]
[TimeControl "300"]
[EndTime "8:53:09 PDT"]
[Termination "Vladyslav2008 won by resignation"]

1. Nf3 Nf6 2. b3 b6 3. Bb2 Bb7 4. e3 g6 5. Be2 Bg7 6. O-O O-O 7. c4 d6 8. d4 Na6 9. Nc3 e5 10. dxe5 dxe5 11. Nxe5 Qe7 12. Nf3 Rad8 13. Qc1 Nc5 14. Rd1 Ng4 15. Nd5 Bxd5 16. cxd5 Ne4 17. Bxg7 Kxg7 18.
Qc4 Ngxf2 19. Rf1 Ng4 20. Bd3 Ngf6 21. Bxe4 Qxe4 22. Qxe4 Nxe4 23. Rfd1 Nc3 24. Rd3 Ne4 25. Rc1 Rd7 26. Rd4 Nf6 27. e4 Re8 28. Nd2 c5 29. Rd3 Nxe4 30. Nxe4 Rxe4 31. Rcd1 Kf8 32. Kf2 Ke7 33.
Kf3 f5 34. g3 Kd6 35. Re3 Rde7 36. Rxe4 Rxe4 37. Rd2 Re5 38. Kf4 Rxd5 39. Re2 Rd4+ 40. Kg5 Kc6 41. Kh6 Rd7 42. h4 b5 43. h5 gxh5 44. Kxh5 c4 45. bxc4 bxc4 46. Kg5 Rf7 47. Kf4 Kc5 48. Re8 Kb4 49. Rb8+ Kc3 50. a4 Kd3 51. Rd8+ Kc2 52. a5 c3 53. a6 Kc1 54.
Rb8 Rf6 55. Rb7 Rxa6 56. Rxh7 c2 57. Kxf5 Rb6 58. g4 Kb2 59. Rh2 Kb1 60. Rh1+ c1=Q 61. Rxc1+ Kxc1 62. g5 a5 63. g6 Rxg6 64. Kxg6 a4 0-1

[Event "Live Chess"]
[Site "Chess.com"]
[Date "2024.06.02"]
[Round "-"]
[White "KnightStripes"]
[Black "elephantgerrald"]
[Result "0-1"]
[WhiteElo "925"]
[BlackElo "913"]
[TimeControl "300"]
[EndTime "8:53:12 PDT"]
[Termination "elephantgerrald won by resignation"]

1. d4 d5 2. Nc3 Nf6 3. Bf4 Nc6 4. Nb5 e5 5. Bxe5 Nxe5 6. dxe5 Qd7 7. exf6 Qxb5 8. Rb1 Bb4+ 9. c3 Bxc3+ 10. bxc3 Qc4 11. fxg7 Rg8 12. Qd4 Qxa2 13. Qd3 Bd7 14. Nf3 O-O-O 15.
e3 Bb5 16. Qf5+ Bd7 17. Qc2 Qxc2 0-1

[Event "Live Chess"]
[Site "Chess.com"]
[Date "2024.06.02"]
[Round "-"]
[White "Purple1szed"]
[Black "NottheBishopSacrifice"]
[Result "0-1"]
[WhiteElo "1996"]
[BlackElo "2343"]
[TimeControl "300"]
[EndTime "8:53:53 PDT"]
[Termination "NottheBishopSacrifice won by resignation"]

1. c4 e6 2. g3 d5 3. Bg2 Nf6 4. Nf3 dxc4 5. Qc2 b5 6. a4 c6 7. axb5 cxb5 8. Ne5 Nd5 9. Nc3 Bb7 10. O-O a6 11. f4 Bc5+ 12. e3 Nb4 13. Qd1 Bxg2 14.
Kxg2 O-O 15. Qf3 Ra7 16. Ne4 Be7 17. f5 exf5 18. Qxf5 Qd5 19. Rf4 N8c6 0-1

[Event "Live Chess"]
[Site "Chess.com"]
[Date "2024.06.02"]
[Round "-"]
[White "PaulyD81"]
[Black "jimwad"]
[Result "0-1"]
[WhiteElo "973"]
[BlackElo "1348"]
[TimeControl "300"]
[EndTime "8:53:55 PDT"]
[Termination "jimwad won on time"]

1. d4 d5 2. Bf4 Bf5 3. e3 Nf6 4.
Nf3 Nc6 5. Nh4 e6 6. Nxf5 exf5 7. Bd3 g6 8. Nd2 Ne4 9. c3 Qh4 10. Nxe4 fxe4 11. Bg3 Qe7 12. Bb5 Bg7 13. Bxc6+ bxc6 14. O-O O-O 15. b4 a5 16. a3 axb4 17. axb4 Rxa1 18. Qxa1 h5 19. Qa7 Rc8 20. Qc5 Qxc5 21. bxc5 g5 22. h4 f6 23. f3 Bf8 24. hxg5 fxg5 25. f4 h4 26. Bh2 g4 27. g3 h3 28. f5 Rb8 29.
Rf4 Rb1+ 30. Rf1 Rxf1+ 31. Kxf1 Kf7 32. Ke2 Kf6 33. Bg1 Kxf5 34. Bh2 Be7 35. Kd2 Bg5 36. Kc2 Bxe3 37. Kb3 Bf2 38. Kb4 e3 0-1

[Event "Live Chess"]
[Site "Chess.com"]
[Date "2024.06.02"]
[Round "-"]
[White "Hoogleboogle"]
[Black "gobbles19"]
[Result "0-1"]
[WhiteElo "1194"]
[BlackElo "2245"]
[TimeControl "300"]
[EndTime "8:53:59 PDT"]
[Termination "gobbles19 won by resignation"]

1. d4 Nf6 2. c4 e6 3. Bg5 c5 4. Nf3 cxd4 5. Nxd4 Be7 6. e3 Qa5+ 7. Nc3 Qxg5 8. g3 O-O 9. h4 Qa5 10. g4 Nc6 11. g5 Ne4 12. Ne2 Nxc3 13. Nxc3 f6 14.
Bd3 f5 15. e4 Ne5 16. Bc2 Nxc4 17. Qh5 g6 18. Qh6 Rf7 19. h5 Bf8 20. hxg6 Bxh6 21.
Rxh6 hxg6 22. O-O-O Rg7 23. Rdh1 Kf7 0-1

[Event "Live Chess"]
[Site "Chess.com"]
[Date "2024.06.02"]
[Round "-"]
[White "halfberg"]
[Black "MaximKovalenko83"]
[Result "0-1"]
[WhiteElo "1889"]
[BlackElo "2189"]
[TimeControl "300"]
[EndTime "8:54:10 PDT"]
[Termination "MaximKovalenko83 won by resignation"]

1. e4 e6 2. d4 d5 3. Nc3 dxe4 4. Nxe4 Nf6 5. Nxf6+ gxf6 6. Nf3 c5 7. c3 Nc6 8. Be3 cxd4 9. Nxd4 e5 10. Nxc6 bxc6 11.
Qxd8+ Kxd8 12. Bc4 Be6 13. Bxe6 fxe6 14. O-O-O+ Kc7 15. Rd2 Be7 16. Rhd1 Rhd8 17. Rxd8 Rxd8 18. Rxd8 Kxd8 19.
f3 Kc7 20. Kc2 a6 21. Kd3 f5 22. g4 Kd6 23. b4 Bh4 24. c4 Be1 25. Bc5+ Kd7 26.
a4 Kc7 27. Bf8 Kd7 28. Bg7 Bxb4 29. Bxe5 Bd6 30. Bxd6 Kxd6 31. Kd4 e5+ 32. Kd3 Ke6 33. h4 Kf6 34. Ke3 a5 35. c5 h6 36. f4 fxg4 37.
fxe5+ Kxe5 38. h5 Kf5 0-1

[Event "Live Chess"]
[Site "Chess.com"]
[Date "2024.06.02"]
[Round "-"]
[White "Pablo_dmp"]
[Black "TheSmoulderingMaster"]
[Result "0-1"]
[WhiteElo "1975"]
[BlackElo "1783"]
[TimeControl "300"]
[EndTime "8:54:13 PDT"]
[Termination "TheSmoulderingMaster won by checkmate"]

1. e4 c5 2. a3 d6 3. Nf3 Nc6 4. d4 cxd4 5. Nxd4 Nf6 6. Nc3 g6 7. Be3 Bg7 8. Qd2 O-O 9. O-O-O Bd7 10.
h4 Rc8 11. f3 Ne5 12. h5 a6 13. Bh6 b5 14. Nd5 Nxd5 15. exd5 Nc4 16. Qg5 Bf6 17.
Qg3 Qc7 18. hxg6 fxg6 19. Bxf8 Nxa3 20. c3 Bxd4 21. Rxd4 Nc4 22. Bxe7 Nxb2 23. f4 Na4 24. f5 Nxc3 25. Rxh7 Ne2+ 26. Kd1 Nxg3 27. fxg6 Qc2+ 28. Ke1 Qc3+ 29. Rd2 Qe3+ 30. Be2 Rc1+ 31. Rd1 Qxe2# 0-1

[Event "Live Chess"]
[Site "Chess.com"]
[Date "2024.06.02"]
[Round "-"]
[White "hapehansen"]
[Black "Dashman93"]
[Result "1-0"]
[WhiteElo "2255"]
[BlackElo "2131"]
[TimeControl "300"]
[EndTime "8:54:17 PDT"]
[Termination "hapehansen won by resignation"]

1. c4 e5 2. Nc3 Bb4 3. Nd5 Bc5 4.
b4 Bf8 5. Bb2 c6 6. Ne3 Bxb4 7.
Bxe5 Nf6 8. Qb3 Na6 9. Nf3 Qa5 10. Bxf6 gxf6 11. Qb2 d6 12. Qxf6 Rf8 13. Rd1 Be6 14. Nd4 Qd8 15. Qg7 Qe7 16. Nef5 Bxf5 17. Nxf5 Qe6 18. Qg5 Kd7 19. Nd4 Qe4 20. Qf5+ Qxf5 21. Nxf5 Rae8 22. Ne3 Nc5 23. g3 d5 24. cxd5 cxd5 25.
Bh3+ Kd8 26. O-O d4 27. Nc2 Ba5 28. Nxd4 1-0

[Event "Live Chess"]
[Site "Chess.com"]
[Date "2024.06.02"]
[Round "-"]
[White "DylanMeyer1"]
[Black "booktrunk"]
[Result "1-0"]
[WhiteElo "1701"]
[BlackElo "1480"]
[TimeControl "300"]
[EndTime "8:54:19 PDT"]
[Termination "DylanMeyer1 won by resignation"]

1. c4 b6 2. Nc3 Bb7 3. Nf3 e6 4.
g3 Bc5 5. Bg2 Nf6 6. O-O O-O 7.
e3 Nc6 8. d4 Be7 9. b3 a5 10.
Bb2 Nb4 11. a3 Nc6 12. Qc2 d5 13. cxd5 Nxd5 14. Nxd5 exd5 15. Rac1 Bf6 16. Ne5 Bxe5 17. dxe5 Rc8 18. Rfd1 Ne7 19. e4 dxe4 20. Rxd8 g6 21. Rxf8+ 1-0

[Event "Live Chess"]
[Site "Chess.com"]
[Date "2024.06.02"]
[Round "-"]
[White "FREDERICKtheMATE"]
[Black "FlyingChessKestrel13"]
[Result "1-0"]
[WhiteElo "2663"]
[BlackElo "2063"]
[TimeControl "300"]
[EndTime "8:54:27 PDT"]
[Termination "FREDERICKtheMATE won by resignation"]

1. d4 d5 2. c4 dxc4 3. e3 Nf6 4. Bxc4 e6 5. Nf3 a6 6. a3 b5 7. Ba2 Bb7 8. O-O Nbd7 9. Nc3 Bd6 10. b4 O-O 11. Bb2 e5 12. h3 exd4 13. Nxd4 Be5 14. f4 Bxd4 15. Qxd4 Nb6 16. Ne2 Qxd4 17. Bxd4 Ne4 18.
Rfc1 Rac8 19. Nc3 Nxc3 20. Rxc3 Nd5 21. Rc5 Rfd8 22. Rac1 c6 23. g3 Re8 24. Kf2 Rcd8 25. R5c2 h6 26. Be5 Re6 27. e4 Nf6 28. Bxe6 fxe6 29. Bxf6 gxf6 30. Ke3 Kf7 31. Rd2 Rxd2 32. Kxd2 Ke7 33. Rc5 Kd6 34. e5+ fxe5 35. fxe5+ Ke7 36. Ke3 Kd7 37. Kf4 a5 38. bxa5 Ba6 39. Kg4 1-0

[Event "Live Chess"]
[Site "Chess.com"]
[Date "2024.06.02"]
[Round "-"]
[White "juniortay"]
[Black "Ninifu"]
[Result "1-0"]
[WhiteElo "2251"]
[BlackElo "1988"]
[TimeControl "300"]
[EndTime "8:54:30 PDT"]
[Termination "juniortay won by resignation"]

1. e4 d5 2. exd5 Nf6 3. c4 e6 4. d4 exd5 5. Nc3 Nc6 6. Nf3 Be7 7. cxd5 Nxd5 8. Bc4 Be6 9. Bb3 O-O 10. O-O Bf6 11. Re1 Na5 12. Bc2 Nc4 13. Qd3 g6 14. Qxc4 Nf4 15. Qf1 Qd6 16. Nb5 Qc6 17. Be4 Bd5 18. Bxd5 Nxd5 19. Bh6 Rfd8 20. Ne5 Qc2 21. Rac1 Qf5 22.
Nxc7 Rac8 23. Nxd5 Rxc1 24. Nxf6+ Qxf6 25. Rxc1 1-0

[Event "Live Chess"]
[Site "Chess.com"]
[Date "2024.06.02"]
[Round "-"]
[White "nigelst"]
[Black "GerardATHart"]
[Result "1/2-1/2"]
[WhiteElo "1720"]
[BlackElo "1417"]
[TimeControl "300"]
[EndTime "8:54:31 PDT"]
[Termination "Game drawn by repetition"]

1. e4 e5 2. Nf3 Nc6 3. Bb5 a6 4. Bxc6 dxc6 5. O-O f6 6. d4 exd4 7. Nxd4 c5 8. Ne2 Qxd1 9. Rxd1 Bd7 10. Nd2 O-O-O 11.
Nc4 b5 12. Na5 Bd6 13. f4 Ne7 14. Be3 Nc6 15. Nxc6 Bxc6 16. Ng3 Rhe8 17. Nf5 Bxe4 18. Nxd6+ cxd6 19. Rd2 Bxc2 20. Kf2 Bg6 21. Rad1 Re6 22. Bxc5 Kc7 23. Bb4 Kc6 24. Rc1+ Kb6 25. Rcd1 Kc6 26.
Rc1+ Kb6 27. Rcd1 Kc6 1/2-1/2

[Event "Live Chess"]
[Site "Chess.com"]
[Date "2024.06.02"]
[Round "-"]
[White "Cruiseylee78"]
[Black "grillage"]
[Result "0-1"]
[WhiteElo "1667"]
[BlackElo "1881"]
[TimeControl "300"]
[EndTime "8:54:31 PDT"]
[Termination "grillage won by resignation"]

1. d4 e6 2. Bf4 Nf6 3. e3 c5 4. Bd3 cxd4 5. exd4 Be7 6. c3 b6 7. Nd2 Ba6 8. Ngf3 Bxd3 9. Qb3 Ba6 10. Ne5 O-O 0-1

[Event "Live Chess"]
[Site "Chess.com"]
[Date "2024.06.02"]
[Round "-"]
[White "matt1979"]
[Black "Pandreq"]
[Result "1-0"]
[WhiteElo "1424"]
[BlackElo "1223"]
[TimeControl "300"]
[EndTime "8:54:39 PDT"]
[Termination "matt1979 won by resignation"]

1. e4 Nf6 2. e5 Nd5 3. c4 Nb6 4. d4 d6 5. exd6 exd6 6. Nf3 Be7 7. Nc3 Be6 8. b3 Bf6 9. Be3 c5 10. Rc1 cxd4 11. Bxd4 Nc6 12. Be3 O-O 13. Bd3 Ne5 14. Nxe5 Bxe5 15. O-O Qf6 16. Qc2 h6 17. f4 Bd4 18. Bxd4 Qxd4+ 19. Kh1 Rac8 20. Rcd1 Qf6 21. Ne4 Qe7 22. f5 Bd7 23. f6 Qe5 24. fxg7 Nd5 25.
Qd2 Qxg7 26. cxd5 Bg4 27. Nf6+ Kh8 28. Nxg4 1-0

[Event "Live Chess"]
[Site "Chess.com"]
[Date "2024.06.02"]
[Round "-"]
[White "TigerTank70"]
[Black "Lexram8"]
[Result "1-0"]
[WhiteElo "2189"]
[BlackElo "1570"]
[TimeControl "300"]
[EndTime "8:54:41 PDT"]
[Termination "TigerTank70 won by resignation"]

1. e4 c5 2. d4 cxd4 3. c3 dxc3 4. Nxc3 Nc6 5. Nf3 d6 6. Bc4 Nf6 7. Qe2 Qc7 8. O-O a6 9. Rd1 g6 10. Bf4 e5 11. Bg5 Bg7 12. Bxf6 Bxf6 13. Nd5 Qd8 14. Nxf6+ Qxf6 15. Qd3 Be6 16. Qxd6 Rd8 17. Qc5 Bxc4 18. Rxd8+ Nxd8 19. Qxc4 O-O 20. Qc7 Nc6 21.
Qxb7 Nb4 22. Qxb4 1-0

[Event "Live Chess"]
[Site "Chess.com"]
[Date "2024.06.02"]
[Round "-"]
[White "beltmanjb"]
[Black "Plimsol"]
[Result "0-1"]
[WhiteElo "1731"]
[BlackElo "2390"]
[TimeControl "300"]
[EndTime "8:55:02 PDT"]
[Termination "Plimsol won by resignation"]

1. d4 e6 2. c4 Nf6 3. g3 d5 4. Bg2 dxc4 5. Nf3 Nc6 6. Qa4 Bb4+ 7. Bd2 Nd5 8. e4 Nb6 9. Qc2 Bxd2+ 10. Nbxd2 Nxd4 11. Nxd4 Qxd4 12. O-O O-O 13. Rfd1 e5 14. Rac1 Be6 15.
Nf3 Qc5 16. Ng5 Bg4 17. b4 Bxd1 18. bxc5 Bxc2 19. Rxc2 Nd7 20. Rxc4 h6 21. Nf3 Rfe8 22. Bh3 Rad8 23. Rb4 Nxc5 24. Rb5 b6 25. a4 Nxa4 26. Nxe5 a6 27. Rb4 Rxe5 28. Rxa4 a5 29. Rc4 c5 30.
Bf1 b5 31. Rc1 c4 32. f3 a4 0-1

[Event "Live Chess"]
[Site "Chess.com"]
[Date "2024.06.02"]
[Round "-"]
[White "Bradfield133"]
[Black "yarek"]
[Result "1-0"]
[WhiteElo "1838"]
[BlackElo "1748"]
[TimeControl "300"]
[EndTime "8:55:06 PDT"]
[Termination "Bradfield133 won by resignation"]

1. c4 g6 2. g3 Bg7 3. Bg2 c6 4. Qa4 d5 5. cxd5 Nf6 6. dxc6 bxc6 7. Nf3 O-O 8. O-O Bd7 9. Ne5 Nd5 10. Nxd7 Qxd7 11.
Nc3 Nb6 12. Qc2 Na6 13. a3 Rab8 14. b4 Nd5 15. Rb1 Nac7 16. Na4 Nb5 17. Nc5 Qe6 18. Nxe6 1-0

[Event "Live Chess"]
[Site "Chess.com"]
[Date "2024.06.02"]
[Round "-"]
[White "RichardABates"]
[Black "ProfPoisson"]
[Result "1-0"]
[WhiteElo "2365"]
[BlackElo "1352"]
[TimeControl "300"]
[EndTime "8:55:07 PDT"]
[Termination "RichardABates won by resignation"]

1. d4 e6 2. c4 f5 3. g3 Nf6 4.
Bg2 Be7 5. Nf3 d6 6. O-O O-O 7.
Nc3 Ne4 8. Bd2 Nxc3 9. Bxc3 Bf6 10. Rc1 a5 11. Qc2 Qe8 12. e4 f4 13. e5 dxe5 14.
dxe5 Be7 15. Rcd1 fxg3 16. hxg3 Nc6 17. Qe4 Qh5 18. g4 Qf7 19. Qe3 b6 20. Ng5 Bxg5 21. Qxg5 Rb8 22. Bxc6 Bb7 23. Bxb7 Rxb7 24. f4 h6 25. Qh4 Qe7 26. Qxe7 1-0

[Event "Live Chess"]
[Site "Chess.com"]
[Date "2024.06.02"]
[Round "-"]
[White "Queensandpawns"]
[Black "LL220284LL"]
[Result "1-0"]
[WhiteElo "2255"]
[BlackElo "2448"]
[TimeControl "300"]
[EndTime "8:55:07 PDT"]
[Termination "Queensandpawns won by resignation"]

1. e4 c6 2. d4 g6 3. Nc3 Bg7 4. Bc4 d6 5. Nf3 Nd7 6. Bxf7+ Kxf7 7. Ng5+ Ke8 8. Ne6 Nb6 9. Nxd8 Kxd8 10. Bf4 Nf6 11. O-O Rf8 12. e5 Nfd5 13. Nxd5 Nxd5 14. Bg3 Kc7 15. c4 Nf4 16. exd6+ exd6 17. Qd2 Bh6 18. Qa5+ b6 19. Qa3 Ne2+ 20. Kh1 Nxg3+ 21. fxg3 Bf5 22. c5 dxc5 23. dxc5 Kb7 24. cxb6 axb6 25.
Qe7+ Ka6 26. Qxh7 Be3 27. g4 Rh8 28. Qf7 Be4 29. Qc4+ 1-0